 Dungeon Crawl Stone Soup version 0.29.0-13-gc9e81de378 (webtiles) character file.

Game seed: 13393867632088135421

55 nickcage the Chopper (level 3, -5/30 HPs)
             Began as a Minotaur Gladiator on Sept 7, 2022.
             Slain by an ogre
             ... wielding a +0 giant spiked club
              (19 damage)
             ... on level 4 of the Dungeon.
             The game lasted 00:02:46 (2305 turns).

nickcage the Chopper (Minotaur Gladiator)           Turns: 2305, Time: 00:02:47

Health: -5/30      AC:  7    Str: 20    XL:     3   Next: 67%
Magic:  2/2        EV: 10    Int:  5    God:
Gold:   57         SH:  0    Dex: 11    Spells: 2/2 levels left

rFire   . . .      SeeInvis .   a - +1 war axe
rCold   . . .      Faith    .   (no shield)
rNeg    . . .      Spirit   .   l - +0 scale mail
rPois   .          Reflect  .   c - +1 hat
rElec   .          Harm     .   (no cloak)
rCorr   .          Rampage  .   (no gloves)
Will    .....                   (no boots)
Stlth   ..........              (no amulet)
HPRegen 0.10/turn               (no ring)
MPRegen 0.08/turn               (no ring)

@: no status effects
A: horns 2, retaliatory headbutt
a: no special abilities


You were on level 4 of the Dungeon.
You visited 1 branch of the dungeon, and saw 3 of its levels.

You collected 57 gold pieces.

Inventory:

Hand Weapons
 a - a +1 war axe (weapon)
Missiles
 d - 3 throwing nets (quivered)
 e - a javelin
Armour
 b - a +0 leather armour
 c - a +1 hat (worn)
 l - a +0 scale mail (worn)
Jewellery
 i - a ring of protection from cold
Wands
 n - a wand of digging (8)
Scrolls
 g - a scroll of torment {unknown}
Potions
 f - a potion of haste {unknown}
 h - a potion of resistance {unknown}
 j - a potion of curing {unknown}


   Skills:
 - Level 2.4 Fighting
 + Level 5.7 Axes
 - Level 2.0 Throwing
 - Level 3.2 Dodging


You had 2 spell levels left.
You didn't know any spells.
Your spell library contained the following spells:

 Spells                   Type           Power      Damage    Failure   Level
 Ensorcelled Hibernation  Hex/Ice        0%         N/A       94%         2
 Poisonous Vapours        Pois/Air       0%         N/A       94%         2
 Spider Form              Tmut/Pois      0%         N/A       99%         3
 Anguish                  Hex/Necr       0%         N/A       100%        4
 Corpse Rot               Necr/Pois/Air  0%         N/A       100%        4


Dungeon Overview and Level Annotations

Branches:
Dungeon (4/15)
 Temple: D:4-7

Altars:


Innate Abilities, Weirdness & Mutations

You have a pair of horns on your head.
You reflexively headbutt those who attack you in melee.


Message History

A kobold comes into view. It is wielding a +0 short sword.
The kobold shouts!
You hear a shout!
An endoplasm comes into view.
The endoplasm quivers.
The kobold hits you but does no damage.
There is an open door here.
You closely miss the kobold.
You headbutt the kobold, but do no damage.
The kobold misses you. You furiously retaliate!
You headbutt the kobold.
You kill the kobold!
You hit the endoplasm.
The endoplasm is moderately wounded.
The endoplasm freezes you.
You are frozen.
The endoplasm barely misses you.
You slash the endoplasm!
You kill the endoplasm!
No target in view!
No target in view!
An ogre comes into view. It is wielding a +0 giant spiked club.
You hit the ogre.
The ogre is lightly wounded.
The ogre closely misses you.
You slash the ogre!
The ogre is heavily wounded.
The ogre hits you with a +0 giant spiked club!
You are too injured to fight recklessly!
You are too injured to fight recklessly!
You are too injured to fight recklessly!
You are too injured to fight recklessly!
You closely miss the ogre.
The ogre is heavily wounded.
You closely miss the ogre. You headbutt the ogre!
The ogre is almost dead.
The ogre misses you.
You hit the ogre.
You headbutt the ogre, but do no damage.
The ogre is almost dead.
The ogre hits you with a +0 giant spiked club!!
Ouch! That really hurt!
You die...

******** #.# #.# #.#
##.##### ##......##
*#.....)..## **
#..........# ,*
#..........#
,******#.......O@.#
,,,,,,.........##'#**
*****##........#≈)≈≈#
#........#≈♣.≈#
*#.......#≈,♣≈#
*.......#≈~~≈#
*,....,,##**##
*,,,,,,,,,,*
*,,,,,,,,,,*


You could see an ogre.

Vanquished Creatures
  2 adders
  A worm (D:2)
  A bat (D:2)
  3 endoplasms
  A giant cockroach (D:2)
  4 goblins
  3 hobgoblins
  2 quokkas
  5 frilled lizards
  9 kobolds
  2 rats
33 creatures vanquished.

Notes
Turn   | Place    | Note
-------+----------+-------------------------------------------
     0 | D:1      | nickcage the Minotaur Gladiator began the quest for the
                  | Orb.
     0 | D:1      | Reached XP level 1. HP: 18/18 MP: 0/0
   473 | D:1      | Reached skill level 4 in Axes
   550 | D:1      | Found a faded altar of an unknown god.
   850 | D:1      | Reached XP level 2. HP: 25/25 MP: 1/1
  1769 | D:2      | Reached skill level 5 in Axes
  1769 | D:2      | Reached XP level 3. HP: 29/30 MP: 2/2
  1971 | D:2      | You fall into a shaft and drop 2 floors!
  2299 | D:4      | Noticed an ogre
  2305 | D:4      | Slain by an ogre

Illustrated notes

Levels and vault maps discovered:
D:1:      saegor_arrival_simple_b, layout_loops_corners,
          serial_co_window_serial, co_window_corner_a, co_window_paths_b,
          co_window_paths_b, co_window_paths_a, co_window_cross_1,
          co_window_of_opportunity_a, co_window_corner_a, co_window_broadway_b,
          co_window_cross_4, co_window_corner_ca, glass_columns_b,
          hellmonk_ecumenical_altar_inner_sanctum
D:2:      layout_loops_cross
D:4:      layout_rooms, kennysheep_generic_room_14

Skill      XL: |  1  2 |
---------------+-------+-----
Axes           | 4 5 |  5.7
Fighting       | |  2.4
Throwing       | |  2.0
Dodging        | |  3.2

Action                   || total
-------------------------++-------
Melee: War axe           ||    78
       Headbutt          ||    22
  Use: Scroll            ||     5
 Stab: Sleeping          ||     1
Armor: Leather armour    ||     8
       Scale mail        ||    38
Dodge: Dodged            ||    36
